 Dungeon Crawl Stone Soup version 0.23.1-38-g628c18f (webtiles) character file.

Game seed: 14803004415622374511

521 Fang the Skirmisher (level 7, -6/44 HPs)
             Began as a Gargoyle Berserker on Mar 28, 2019.
             Was a Priest of Trog.
             Engulfed by a cloud of flame (18 damage)
             ... on level 4 of the Dungeon.
             The game lasted 00:05:39 (4227 turns).

Fang the Skirmisher (Gargoyle Berserker)            Turns: 4227, Time: 00:05:39

Health: -6/44      AC:  7    Str: 22    XL:     7   Next: 21%
Magic:  7/7        EV: 13    Int:  8    God:    Trog [***...]
Gold:   316        SH:  0    Dex:  9    Spells: 6/6 levels left

rFire    . . .     SeeInvis .   a - +0 hand axe
rCold    . . .     Gourm    .   (no shield)
rNeg     + . .     Faith    .   b - +0 animal skin
rPois    ∞         Spirit   .   (no helmet)
rElec    +         Reflect  .   (no cloak)
rCorr    .         Harm     .   (no gloves)
MR       +....                  (no boots)
Stlth    +.........             t - amulet of regeneration
HPRegen  0.54/turn              i - ring of protection from magic
MPRegen  0.10/turn              (no ring)

@: no status effects
A: negative energy resistance 1, electricity resistance, unbreathing,
petrification resistance, rot immunity, AC +4
a: Berserk, Trog's Hand, Renounce Religion


You were on level 4 of the Dungeon.
You worshipped Trog.
Trog was most pleased with you.
You were not hungry.

You visited 1 branch of the dungeon, and saw 4 of its levels.

You collected 316 gold pieces.

Inventory:

Hand Weapons
 a - a +0 hand axe (weapon)
Armour
 b - a +0 animal skin (worn)
Jewellery
 i - a ring of protection from magic (left hand)
 k - an uncursed ring of ice
 t - an amulet of regeneration (around neck)
 u - a +3 amulet of reflection
Wands
 d - a wand of iceblast (10)
Scrolls
 e - a scroll of teleportation {unknown}
 f - 2 scrolls of identify
 h - 6 scrolls of remove curse
 j - 2 scrolls of immolation {unknown}
 n - 3 scrolls of magic mapping {unknown}
 o - a scroll of fog {unknown}
 p - a scroll of enchant armour {unknown}
 s - a scroll of amnesia {unknown}
Potions
 g - 2 potions of degeneration {unknown}
 l - a potion of cancellation {unknown}
 m - a potion of curing {unknown}
 q - a potion of haste {unknown}
 r - a potion of mutation
Comestibles
 c - 8 rations
 v - 2 chunks of flesh


   Skills:
 + Level 5.2 Fighting
 + Level 4.3 Axes
 + Level 4.5 Armour
 + Level 3.3 Dodging


You had 6 spell levels left.
You didn't know any spells.
Your spell library was empty.

Dungeon Overview and Level Annotations

Branches:
Dungeon (4/15)
 Temple: D:4-7

Altars:

Shops:
D:4 *%[


Innate Abilities, Weirdness & Mutations

You are resistant to torment.
Your stone body is resilient. (AC +4)
You are immune to poison.
You resist negative energy. (rN+)
You are resistant to electric shocks. (rElec)
You can survive without breathing.
You are immune to petrification.
You are immune to rotting.


Message History

Your amulet attunes itself to your body and you begin to regenerate more quickly.
Found a glowing war axe.
Key pressed, stopping explore.
Partly explored, can't reach some places.
No target in view!
No target in view!
No target in view!
No target in view!
No target in view!
No target in view!
Partly explored, can't reach some places.
Really walk into a travel-excluded area? [Y]es or [N]o only, please.
Really walk into a travel-excluded area?
You are engulfed in blazing flames.
Ouch! That really hurt!
You are engulfed in blazing flames.
* * * LOW HITPOINT WARNING * * *
You are engulfed in blazing flames.
You die...

########## #........##
#.#####...# #.# #§°○# #.#
#§○☼# #.# #@§☼#
#.#####...##### ####
#..°☼§...!.§☼..## ...#
###..§.§.!??.°○○..#
...#####....°§☼.(.).§§☼..#
...........#####...#####.#
....####...# #§§°# #.#
....####...# #§○§# #.#
###........# #○○○# #.#


There were no monsters in sight!

Vanquished Creatures
  A phantom (D:4)
  A howler monkey (D:4)
  An orc priest (D:4)
  A hound (D:4)
  3 orc wizards
  2 worker ants (D:4)
  10 adders
  2 oozes
  3 worms
  A dart slug (D:2)
  4 leopard geckos
  10 orcs
  7 bats
  2 giant cockroaches
  8 goblins
  8 hobgoblins
  6 jackals
  4 kobolds
  3 quokkas
  9 ball pythons (D:2)
  8 frilled lizards
  8 rats
102 creatures vanquished.

Notes
Turn   | Place    | Note
-------+----------+-------------------------------------------
     0 | D:1      | Fang the Gargoyle Berserker began the quest for the Orb.
     0 | D:1      | Reached XP level 1. HP: 14/14 MP: 1/1
   175 | D:1      | Reached XP level 2. HP: 13/19 MP: 2/2
   472 | D:1      | Reached XP level 3. HP: 23/23 MP: 3/3
   948 | D:1      | Reached ** piety under Trog
  1468 | D:2      | Reached XP level 4. HP: 11/29 MP: 4/4
  1956 | D:2      | Reached skill level 4 in Fighting
  2315 | D:3      | Reached XP level 5. HP: 20/33 MP: 5/5
  2562 | D:3      | Reached *** piety under Trog
  2933 | D:3      | Reached XP level 6. HP: 38/39 MP: 6/6
  3215 | D:4      | Found Kyvoshen's Armour Shoppe.
  3252 | D:4      | Found Fipnisyl's Food Boutique.
  3595 | D:4      | Noticed a phantom
  3616 | D:4      | Killed a phantom
  3616 | D:4      | Reached skill level 5 in Fighting
  3616 | D:4      | Reached XP level 7. HP: 44/44 MP: 7/7
  3724 | D:4      | Found Fiwk's Assorted Antiques.
  4227 | D:4      | Engulfed by a cloud of flame

Skill      XL: |  1  2  3  4  5  6 |
---------------+-------------------+-----
Axes           | 3 4 |  4.3
Dodging        | 2 3 |  3.3
Armour         | 3 4 |  4.5
Fighting       | 4 5 |  5.2

Action                   |  1- 3 |  4- 6 |  7- 9 || total
-------------------------+-------+-------+-------++-------
Melee: Hand axe          |   124 |   293 |    30 ||   447
Invok: Berserk           |     2 |     2 |       ||     4
  Use: Scroll            |       |     3 |       ||     3
 Stab: Sleeping          |       |     2 |       ||     2
  Eat: Chunk             |     3 |     9 |     3 ||    15
Armor: Animal skin       |    46 |   134 |    14 ||   194
Dodge: Dodged            |    89 |   208 |    16 ||   313
